 Dungeon Crawl Stone Soup version 0.23.2-30-g0e89c35 (webtiles) character file.

Game seed: 18066824893292689820

21779 Fang the Fighter (level 12, -1/81 HPs)
             Began as a Gargoyle Berserker on June 7, 2019.
             Was a High Priest of Trog.
             Slain by a 13-headed hydra (5 damage)
             ... on level 3 of the Lair of Beasts.
             The game lasted 00:16:03 (14539 turns).

Fang the Fighter (Gargoyle Berserker)              Turns: 14539, Time: 00:16:04

Health: -1/81      AC: 29    Str: 26    XL:     12   Next: 93%
Magic:  4/4        EV: 11    Int:  8    God:    Trog [*****.]
Gold:   1042       SH:  0    Dex:  9    Spells: 11/11 levels left

rFire    . . .     SeeInvis .   H - +4 battleaxe (antimagic)
rCold    . . .     Gourm    +   (shield currently unavailable)
rNeg     + . .     Faith    .   b - +0 plate armour
rPois    ∞         Spirit   .   n - +2 hat
rElec    +         Reflect  .   (no cloak)
rCorr    +         Harm     .   (no gloves)
MR       .....                  (no boots)
Stlth    ..........             t - amulet of the gourmand
HPRegen  0.23/turn              K - +3 ring of protection
MPRegen  0.09/turn              O - ring of resist corrosion

@: no status effects
A: negative energy resistance 1, electricity resistance, unbreathing,
petrification resistance, rot immunity, AC +8
a: Berserk, Trog's Hand, Brothers in Arms, Renounce Religion


You were on level 3 of the Lair of Beasts.
You worshipped Trog.
Trog was extremely pleased with you.
You were full.

You visited 3 branches of the dungeon, and saw 16 of its levels.
You also visited: Ossuary.

You collected 1042 gold pieces.

Inventory:

Hand Weapons
 a - a +4 war axe
 H - a +4 antimagic battleaxe (weapon)
Armour
 b - a +0 plate armour (worn)
 n - a +2 hat (worn)
Jewellery
 l - an uncursed amulet of magic regeneration {unknown}
 m - a +5 amulet of reflection
 t - an amulet of the gourmand (around neck)
 K - a +3 ring of protection (left hand)
 O - a ring of resist corrosion (right hand)
Wands
 o - a wand of flame (14)
 p - a wand of polymorph (9)
 r - a wand of disintegration (8)
 y - a wand of clouds (2)
 A - a wand of digging (5)
 B - a wand of enslavement (12)
 F - a wand of paralysis (8)
 J - a wand of scattershot (7)
 L - a wand of random effects (5)
 N - a wand of acid (4)
Scrolls
 d - 4 scrolls of fog
 e - 12 scrolls of teleportation
 g - a scroll of silence
 i - a scroll of fear
 q - 6 scrolls of remove curse
 s - 2 scrolls of magic mapping
Potions
 f - 3 potions of agility
 h - 5 potions of haste {unknown}
 j - 4 potions of cancellation
 k - 3 potions of curing
 u - 4 potions of flight
 v - 2 potions of brilliance {unknown}
 w - a potion of invisibility
 z - 2 potions of heal wounds
 D - 3 potions of resistance {unknown}
 I - 2 potions of might
Comestibles
 c - 31 rations


   Skills:
 + Level 12.0 Fighting
 + Level 10.2 Axes
 + Level 11.6 Armour
 + Level 9.2 Dodging


You had 11 spell levels left.
You didn't know any spells.
Your spell library was empty.

Dungeon Overview and Level Annotations

Branches:
Dungeon (12/15)            Temple (1/1) D:7            Lair (3/6) D:9
 Spider (0/4) Lair:2          Orc (0/2) D:11
  Swamp: Lair:2-4    Shoals: Lair:2-4

Altars:
Dithmenos
Fedhas
Gozag
Hepliaklqana
Kikubaaqudgha
Makhleb
Qazlal
Ru
Trog
Uskayaw
Vehumet
Zin
The Shining One

Shops:
D:7 }

Portals:
Trove: D:12 (give +3 ice dragon scales)

Annotations:
D:9 exclusion: statue
D:10 3 runed translucent doors, Fang's ghost, journeyman GrBe
D:12 2 transporters, Zing's ghost, journeyman FeSu


Innate Abilities, Weirdness & Mutations

You are resistant to torment.
Your stone body is resilient. (AC +8)
You are immune to poison.
You resist negative energy. (rN+)
You are resistant to electric shocks. (rElec)
You can survive without breathing.
You are immune to petrification.
You are immune to rotting.


Message History

The 13-headed hydra closely misses you. The 13-headed hydra misses you.
The 13-headed hydra bites you but does no damage. x5
The 13-headed hydra bites you.
* * * LOW HITPOINT WARNING * * *
Your deep troll goes berserk!
You feel quite a bit less full. The 13-headed hydra closely misses you.
The 13-headed hydra bites you but does no damage.
The 13-headed hydra barely misses you.
The 13-headed hydra bites you but does no damage.
The 13-headed hydra bites you.
* * * LOW HITPOINT WARNING * * *
The 13-headed hydra bites you.
* * * LOW HITPOINT WARNING * * *
The 13-headed hydra bites you but does no damage. x2
The 13-headed hydra bites you.
* * * LOW HITPOINT WARNING * * *
The 13-headed hydra barely misses you.
The 13-headed hydra bites you but does no damage. x2
The 13-headed hydra bites you.
You die...

.....####...#†...P..
.....#....<.........
........#...#.......
.........##.........
....................
....................
###.................
##.....S...<......
#.?...D@.T........
##..........##.
#..........####
#..........#
...........#
........####
.......## .......


You could see a 13-headed hydra, a water moccasin and a friendly deep troll
(berserk).

Vanquished Creatures
  Jorgrun (D:12)
  Josephine (D:10)
  Erica (D:8)
  Urug (D:11)
  Nergalle (D:10)
  An unseen horror (D:12)
  3 black mambas
  Maurice (D:9)
  A gargoyle (D:12)
  2 centaur skeletons (D:11)
  Psyche (D:10)
  A rime drake (Lair:2)
  2 spiny frogs
  A jumping spider (Lair:2)
  A troll (D:9)
  Grinder (D:6)
  Prince Ribbit (D:9)
  6 hippogriffs
  2 dream sheep (D:8)
  4 wraiths (D:10)
  13 yaks
  4 redbacks (Lair:2)
  2 wyverns (D:10)
  3 hungry ghosts
  A basilisk (D:12)
  Grum (D:9)
  6 water moccasins
  An orc warrior (D:10)
  2 porcupines (Lair:1)
  An ice beast (D:10)
  An eye of draining (D:9)
  3 sky beasts
  6 ogres
  4 wolves (D:9)
  4 centaurs
  3 crocodiles
  9 bullfrogs
  4 big kobolds
  A wyvern skeleton (D:7)
  A scorpion (D:9)
  3 killer bees (D:10)
  9 wights
  2 electric eels (Lair:1)
  5 centaur zombies
  4 howler monkeys
  2 crimson imps
  A bullfrog zombie (D:5)
  5 hounds
  2 bullfrog skeletons
  8 orc priests
  4 jellies
  14 orc wizards
  Crazy Yiuf (D:3)
  3 iguanas
  9 worker ants
  A killer bee zombie (D:9)
  An ogre zombie (Ossuary)
  3 hound skeletons
  7 mummies (Ossuary)
  3 gnolls (D:9)
  A worker ant zombie (D:10)
  12 adders
  2 shadow imps
  3 adder zombies (Ossuary)
  2 adder skeletons
  6 worms
  4 dart slugs
  6 leopard geckos
  50 orcs
  7 giant cockroaches
  9 goblins
  5 hobgoblins
  15 jackals
  17 kobolds
  9 quokkas
  A ball python (D:2)
  5 bats
  6 frilled lizards
  4 goblin zombies (Ossuary)
  4 hobgoblin zombies (Ossuary)
  A jackal skeleton (D:4)
  2 kobold zombies (Ossuary)
  A quokka skeleton (D:9)
  4 quokka zombies
  5 rats
  9 rat zombies (Ossuary)
380 creatures vanquished.

Vanquished Creatures (collateral kills)
  A hydra (D:8)
  A spiny frog (Lair:3)
  A big kobold (D:8)
3 creatures vanquished.

Vanquished Creatures (others)
  4 plants (D:10)
4 creatures vanquished.

Grand Total: 387 creatures vanquished

Notes
Turn   | Place    | Note
-------+----------+-------------------------------------------
     0 | D:1      | Fang the Gargoyle Berserker began the quest for the Orb.
     0 | D:1      | Reached XP level 1. HP: 14/14 MP: 1/1
    73 | D:1      | Reached XP level 2. HP: 19/19 MP: 2/2
   333 | D:1      | Reached XP level 3. HP: 22/23 MP: 3/3
   581 | D:1      | Reached ** piety under Trog
  1121 | D:2      | Found a bloodstained altar of Trog.
  1131 | D:2      | Reached XP level 4. HP: 19/29 MP: 4/4
  1298 | D:2      | Reached skill level 4 in Fighting
  1318 | D:2      | Noticed a fire elemental
  1329 | D:2      | Found a stormy altar of Qazlal.
  1331 | D:2      | Noticed an air elemental
  1337 | D:2      | Noticed a water elemental
  1340 | D:2      | Noticed an earth elemental
  1926 | D:3      | Found a blossoming altar of Fedhas.
  1936 | D:3      | Reached XP level 5. HP: 29/33 MP: 5/5
  2376 | D:3      | Reached *** piety under Trog
  2560 | D:3      | Found a runed translucent door.
  2561 | D:3      | Noticed Crazy Yiuf
  2570 | D:3      | Killed Crazy Yiuf
  2571 | D:3      | You fall through a shaft!
  2798 | D:4      | Reached XP level 6. HP: 27/39 MP: 6/6
  3344 | D:4      | Reached skill level 5 in Fighting
  3522 | D:4      | Reached XP level 7. HP: 44/44 MP: 7/7
  4272 | D:5      | Entered Level 5 of the Dungeon
  4432 | D:5      | Reached skill level 5 in Armour
  4437 | D:5      | Reached **** piety under Trog
  4505 | D:5      | Reached XP level 8. HP: 43/51 MP: 8/8
  4619 | D:5      | Reached skill level 6 in Fighting
  4619 | D:5      | Reached skill level 5 in Axes
  4775 | D:6      | Noticed Grinder
  4780 | D:6      | Paralysed by Grinder for 5 turns
  4792 | D:6      | Paralysed by Grinder for 7 turns
  4812 | D:6      | Killed Grinder
  4997 | D:6      | Found a shadowy altar of Dithmenos.
  5188 | D:6      | Found a sand-covered staircase.
  5200 | Ossuary  | Entered an ossuary
  5265 | Ossuary  | Reached XP level 9. HP: 56/56 MP: 9/9
  5312 | Ossuary  | Reached skill level 7 in Fighting
  5358 | Ossuary  | Reached skill level 5 in Dodging
  5501 | Ossuary  | Reached ***** piety under Trog
  5847 | D:6      | Identified the +2 mace of Jesiwie {venom, MR+ Str+2}
  6089 | D:7      | Found a staircase to the Ecumenical Temple.
  6102 | D:7      | Found Asemaol's Gadget Boutique.
  6111 | Temple   | Entered the Ecumenical Temple
  6564 | D:8      | Noticed Erica
  6614 | D:8      | Killed Erica
  6614 | D:8      | Received a gift from Trog
  6614 | D:8      | Reached skill level 8 in Fighting
  6614 | D:8      | Reached XP level 10. HP: 10/65 MP: 10/10
  7001 | D:8      | Noticed a three-headed hydra
  7005 | D:8      | Killed a three-headed hydra
  7339 | D:8      | Reached skill level 9 in Fighting
  7516 | D:9      | Noticed Prince Ribbit
  7546 | D:9      | Killed Prince Ribbit
  7900 | D:9      | Noticed Maurice
  7907 | D:9      | Killed Maurice
  8008 | D:9      | Found a radiant altar of Vehumet.
  8173 | D:9      | Noticed Grum
  8185 | D:9      | Killed Grum
  8274 | D:9      | Reached XP level 11. HP: 68/71 MP: 3/11
  8439 | D:9      | Found a hazy altar of Hepliaklqana.
  8468 | D:9      | Found a glowing golden altar of the Shining One.
  8506 | D:9      | Found a staircase to the Lair.
  8730 | D:9      | Found a sacrificial altar of Ru.
  8730 | D:9      | Found an opulent altar of Gozag.
  8832 | D:10     | Entered Level 10 of the Dungeon
  8891 | D:10     | Noticed Psyche
  8901 | D:10     | Killed Psyche
  8997 | D:10     | Found a runed translucent gate.
  8997 | D:10     | Found a runed translucent gate.
  9107 | D:10     | Noticed Josephine
  9115 | D:10     | Reached skill level 10 in Fighting
  9122 | D:10     | Killed Josephine
  9142 | D:10     | HP: 3/72 [killer bee (3)]
  9405 | D:10     | Noticed Nergalle
  9408 | D:10     | Reached skill level 10 in Armour
  9426 | D:10     | Killed Nergalle
  9555 | D:10     | Noticed a ten-headed hydra
  9555 | D:10     | Noticed Fang's ghost (journeyman GrBe)
  9556 | D:10     | Found a runed translucent gate.
  9557 | D:10     | Noticed a 12-headed hydra
  9867 | D:11     | Found a staircase to the Orcish Mines.
 10235 | D:11     | Noticed Urug
 10245 | D:11     | Killed Urug
 10770 | D:12     | Killed an unseen horror
 11061 | D:12     | Noticed Jorgrun
 11062 | D:12     | Found a transporter.
 11064 | D:12     | Found a transporter.
 11078 | D:12     | Killed Jorgrun
 11078 | D:12     | Reached skill level 11 in Fighting
 11078 | D:12     | Reached XP level 12. HP: 63/80 MP: 4/12
 11079 | D:12     | Noticed Zing's ghost (journeyman FeSu)
 11683 | D:12     | Found a portal to a secret trove of treasure.
 11744 | D:12     | Received a gift from Trog
 12147 | Lair:1   | Entered Level 1 of the Lair of Beasts
 13221 | Lair:2   | Reached skill level 10 in Axes
 13865 | Lair:2   | Found a hole to the Spider Nest.
 14509 | Lair:3   | Noticed a seven-headed hydra
 14524 | Lair:3   | Reached skill level 12 in Fighting
 14539 | Lair:3   | HP: 4/81 [13-headed hydra (6)]
 14539 | Lair:3   | Slain by a 13-headed hydra

Skill      XL: |  1  2  3  4  5  6  7  8  9 10 11 12 |
---------------+-------------------------------------+-----
Axes           | 3 4 5 6 8 9 10 | 10.2
Dodging        | 2 3 4 6 7 8 9 |  9.2
Fighting       | 4 5 6 8 9 11 12 | 12.0
Armour         | 3 4 5 6 7 9 10 11 | 11.6

Action                   |  1- 3 |  4- 6 |  7- 9 | 10-12 || total
-------------------------+-------+-------+-------+-------++-------
Melee: Hand axe          |    87 |   246 |   419 |       ||   752
       Battleaxe         |       |       |       |   564 ||   564
Invok: Berserk           |       |     5 |     3 |     6 ||    14
       Brothers in Arms  |       |       |       |     4 ||     4
       Trog's Hand       |       |       |       |     2 ||     2
  Use: Scroll            |       |       |       |    28 ||    28
       Potion            |       |       |       |     3 ||     3
  Eat: Chunk             |     1 |    12 |    27 |    53 ||    93
Armor: Animal skin       |    35 |    15 |       |       ||    50
       Chain mail        |       |    96 |     7 |       ||   103
       Plate armour      |       |       |   257 |   815 ||  1072
Dodge: Dodged            |    84 |   125 |   145 |   552 ||   906
Block: Other             |       |    49 |     2 |       ||    51
